 Dungeon Crawl Stone Soup version 0.28-a0-1624-g820543e53a (webtiles) character file.

Game seed: 8855578419640793072

72 Pin the Skirmisher (level 4, 0/41 HPs)
             Began as a Hill Orc Fighter on Jan 24, 2022.
             Succumbed to an adder's poison
             ... on level 2 of the Dungeon.
             The game lasted 00:02:59 (1394 turns).

Pin the Skirmisher (Hill Orc Fighter)               Turns: 1394, Time: 00:03:00

Health: 0/41       AC:  7    Str: 20    XL:     4   Next: 25%
Magic:  4/4        EV:  9    Int:  8    God:
Gold:   55         SH:  4    Dex: 10    Spells: 3/3 levels left

rFire   . . .      SeeInvis .   a - +0 war axe
rCold   . . .      Faith    .   c - +0 buckler
rNeg    . . .      Spirit   .   b - +0 scale mail
rPois   .          Reflect  .   (no helmet)
rElec   .          Harm     .   (no cloak)
rCorr   .          Rampage  .   (no gloves)
Will    .....                   (no boots)
Stlth   ..........              (no amulet)
HPRegen 0.13/turn               (no ring)
MPRegen 0.09/turn               (no ring)

@: lethally poisoned (0 -> -3)
A: no striking features
a: no special abilities


You were on level 2 of the Dungeon.
You visited 1 branch of the dungeon, and saw 2 of its levels.

You collected 55 gold pieces.

Inventory:

Hand Weapons
 a - a +0 war axe (weapon)
Missiles
 h - 4 atropa-tipped darts (quivered)
Armour
 b - a +0 scale mail (worn)
 c - a +0 buckler (worn)
Scrolls
 e - 3 scrolls of teleportation {unknown}
 f - a scroll of fog {unknown}
Potions
 g - a potion of mutation {unknown}
 i - 2 potions of curing {unknown}


   Skills:
 + Level 4.3 Fighting
 + Level 3.7 Axes
 + Level 3.9 Armour
 + Level 3.9 Shields


You had 3 spell levels left.
You didn't know any spells.
Your spell library was empty.

Dungeon Overview and Level Annotations

Branches:
Dungeon (2/15)

Altars:


Message History

You miss the adder.
The adder is severely wounded.
You closely miss the rat.
You feel sick. The adder closely misses you. The rat closely misses you.
You block the adder's attack.
You hit the rat.
The rat is severely wounded.
You barely miss the adder.
You feel sick. The adder bites you but does no damage.
The rat bites you but does no damage.
You hit the rat.
You kill the rat!
You hit the adder but do no damage.
You feel sick. The adder bites you.
You are more poisoned.
The adder poisons you! You block the adder's attack.
You miss the adder.
The adder is severely wounded.
You feel very sick. The adder bites you. The adder barely misses you.
You closely miss the adder.
The adder is heavily wounded.
You feel sick. The adder closely misses you. The adder bites you.
* * * LOW HITPOINT WARNING * * *
You are more poisoned.
The adder poisons you!
You closely miss the adder.
The adder is heavily wounded.
* * * LOW HITPOINT WARNING * * *
You feel sick. The adder bites you.
* * * LOW HITPOINT WARNING * * *
You barely miss the adder.
The adder is heavily wounded.
* * * LOW HITPOINT WARNING * * *
You feel sick.
The adder bites you but does no damage. x2
You hit the adder.
The adder is severely wounded.
* * * LOW HITPOINT WARNING * * *
You feel sick. You block the adder's attack.
The adder bites you but does no damage.
You hit the adder.
You kill the adder!
You die...

#.......#.# .....##
#.......#.# ###...#
#.......#.# ......#
#.......#.# ####
##....## ....##...#.#
#.. ....... .### #...#.#
#.########....#
######.###.#............
#.............#####....#
#!....†@..(......<......
......††......##†#######
#.......................
..............##.#######
..............##.....# #
....."........######.###
......(.......# #....
..............# #####
#........# #


There were no monsters in sight!

Vanquished Creatures
  Terence (D:2)
  3 adders (D:2)
  2 worms (D:2)
  2 bats
  2 endoplasms (D:1)
  A giant cockroach (D:1)
  3 goblins (D:1)
  4 hobgoblins
  A kobold (D:2)
  A ball python (D:1)
  8 rats
28 creatures vanquished.

Notes
Turn   | Place    | Note
-------+----------+-------------------------------------------
     0 | D:1      | Pin the Hill Orc Fighter began the quest for the Orb.
     0 | D:1      | Reached XP level 1. HP: 19/19 MP: 1/1
   285 | D:1      | Reached XP level 2. HP: 26/27 MP: 2/2
   622 | D:1      | Found a faded altar of an unknown god.
   972 | D:2      | Reached skill level 4 in Fighting
   972 | D:2      | Reached XP level 3. HP: 29/33 MP: 3/3
  1139 | D:2      | Noticed Terence
  1153 | D:2      | Killed Terence
  1271 | D:2      | Reached XP level 4. HP: 40/40 MP: 4/4
  1392 | D:2      | HP: 2/41 [poisoned by an adder]
  1394 | D:2      | Succumbed to an adder's poison

Illustrated notes

Levels and vault maps discovered:
D:1:      onia_arrival_pyramid, layout_basic, basic_ecumenical_altar
D:2:      layout_basic, uniq_terence

Skill      XL: |  1  2 |
---------------+-------+-----
Axes           | 3 |  3.7
Fighting       | 4 |  4.3
Armour         | |  3.9
Shields        | |  3.9

Action                   |  1- 3 |  4- 6 || total
-------------------------+-------+-------++-------
Melee: War axe           |    65 |    22 ||    87
  Use: Potion            |     1 |       ||     1
Armor: Scale mail        |    25 |    14 ||    39
Dodge: Dodged            |    27 |     9 ||    36
Block: Buckler           |    18 |     7 ||    25

Table legend: (Time is in decaauts)
 A = Elapsed time spent in this place.
 B = Non-inter-level travel time spent in this place.
 C = Inter-level travel time spent in this place.
 D = Time resting spent in this place.
 E = Time spent auto-exploring this place.
 F = Levels seen in this place.
 G = Mean time per level.
                   A        B        C        D        E       F      G
               +--------+--------+--------+--------+--------+-----+--------+
         Total |   1426 |   1385 |     41 |    107 |   1062 |   2 |  713.0 |
       Dungeon |   1426 |   1385 |     41 |    107 |   1062 |   2 |  713.0 |
               +--------+--------+--------+--------+--------+-----+--------+

Top non-repeatable levels by time:
     D:1: 980 daAuts
     D:2: 446 daAuts
